AoeStats
← alexdace1982

Arena

508588609Analyzed
3v3 RM · 9d ago on Sep 23, 2026· 54m 32s· 6 players
Game mode
Random Map
Map size
Normal (6 player)
Population
200
Speed
Normal
Resources
Standard
Victory
Conquest
Starting age
Dark Age
Ending age
Imperial Age
RankedLock teamsTeams togetherTeam positionsShared explorationLock speedFull tech treeHidden civsTurbo modeCheats
Victory
Defeat
🇺🇸 Italians · United States
1096
+13
🇺🇸 Gurjaras · United States
1083
+14
🇬🇧 Vietnamese · United Kingdom
1047
+15
🇲🇽 Teutons · Mexico
1072
-16
🇲🇽 Portuguese · Mexico
1019
-13
🇲🇽 Japanese · Mexico
1000
-40
21Hill
10:23 Feudal Age
15:11 Castle Age
13:26 Loom
14:19 Fletching
18:18 Padded Archer Armor
22:21 Husbandry
24:33 Double-Bit Axe
26:52 Ballistics
26:22 Horse Collar
26:48 Murder Holes
26:58 Town Watch
29:44 Wheelbarrow
30:13 Town Patrol
31:25 Hand Cart
30:47 Elite Skirmisher
32:21 Gold Mining
33:36 Scale Barding Armor
37:55 Imperial Age
36:55 Heavy Plow
37:33 Gold Shaft Mining
37:11 Bow Saw
38:44 Imperial Skirmisher
41:26 Bodkin Arrow
41:47 Leather Archer Armor
41:43 Forging
41:55 Chain Barding Armor
43:14 Chemistry
42:07 Stone Mining
43:11 Crop Rotation
43:49 Bracer
44:38 Stone Shaft Mining
45:58 Iron Casting
46:57 Kshatriyas
47:28 Hoardings
47:43 Conscription
48:49 Elite Elephant Archer
49:02 Sappers
50:52 Elite Chakram Thrower
52:54 Frontier Guards
CreasingCloth35
10:36 Feudal Age
11:50 Double-Bit Axe
15:09 Castle Age
12:55 Horse Collar
16:25 Bow Saw
19:37 Heavy Plow
20:37 Stone Mining
23:42 Wheelbarrow
25:13 Gold Mining
28:48 Imperial Age
26:25 Padded Archer Armor
26:46 Fletching
28:08 Ballistics
27:46 Bodkin Arrow
28:07 Leather Archer Armor
29:36 Thumb Ring
30:44 Chemistry
29:47 Bracer
30:18 Ring Archer Armor
31:10 Conscription
30:56 Elite Genoese Crossbowman
39:47 Scale Barding Armor
39:53 Forging
41:15 Chain Barding Armor
44:00 Light Cavalry
44:53 Bloodlines
44:46 Husbandry
45:25 Plate Barding Armor
45:26 Iron Casting
47:12 Hussar
52:14 Blast Furnace
53:13 Spies/Treason
leeroy kentins
8:55 Feudal Age
9:39 Double-Bit Axe
9:36 Horse Collar
11:27 Loom
13:22 Stone Mining
19:01 Fletching
21:33 Castle Age
27:03 Bow Saw
27:04 Heavy Plow
27:31 Bodkin Arrow
31:00 Wheelbarrow
32:06 Bloodlines
32:10 Gold Mining
32:58 Forging
34:08 Chatras
36:15 Scale Barding Armor
36:46 Iron Casting
37:58 Husbandry
40:31 Chain Barding Armor
43:00 Imperial Age
44:54 Plate Barding Armor
45:00 Hoardings
45:38 Bracer
46:01 Paper Money
49:11 Stone Shaft Mining
49:39 Two-Man Saw
49:50 Elite Battle Elephant
51:47 Hand Cart
51:20 Town Watch
53:48 Spies/Treason
Knight_Romero83
7:29 Loom
9:17 Feudal Age
10:08 Man-at-Arms
10:12 Man-at-Arms
15:18 Fletching
25:25 Castle Age
25:06 Horse Collar
25:13 Double-Bit Axe
26:21 Bodkin Arrow
26:48 Padded Archer Armor
26:17 Crossbowman
28:29 Leather Archer Armor
29:04 Wheelbarrow
28:41 Bow Saw
30:00 Hand Cart
37:12 Elite Skirmisher
45:49 Ballistics
48:24 Imperial Age
50:50 Ring Archer Armor
alexdace1982
0:58 Loom
19:10 Feudal Age
22:04 Horse Collar
26:16 Town Watch
27:07 Wheelbarrow
37:38 Castle Age
36:29 Man-at-Arms
ReBeL_PuMa
3:29 Loom
11:25 Feudal Age
13:24 Town Watch
16:02 Castle Age
15:07 Double-Bit Axe
15:04 Horse Collar
16:53 Bow Saw
17:22 Wheelbarrow
16:49 Heavy Plow
19:44 Fletching
21:34 Bodkin Arrow
22:50 Gold Mining
23:09 Thumb Ring
23:25 Crossbowman
26:24 Ballistics
25:45 Treadmill Crane
26:12 Padded Archer Armor
28:44 Stone Mining
29:30 Leather Archer Armor
30:00 Stone Shaft Mining
30:47 Masonry
34:09 Imperial Age
32:33 Hand Cart
33:05 Murder Holes
35:02 Siege Engineers
34:20 Arbalester
36:57 Two-Man Saw
36:28 Crop Rotation
37:06 Chemistry
36:37 Architecture
37:31 Conscription
41:55 Bracer
43:07 Scale Mail Armor
43:00 Pikeman
43:57 Chain Mail Armor
44:10 Fortified Wall
44:03 Gambesons
43:39 Halberdier
48:33 Town Patrol
Connection lost

Rejoining the realm…

Still unreachable

The connection could not be restored.

Session expired

The server has moved on; the page needs a fresh start.